[Event "*** Titled Tuesday Blitz"]
[Site "Chess.com"]
[Date "2020.01.07"]
[Round "4"]
[White "Bad4life"]
[Black "arminmusovic"]
[Result "1-0"]
[WhiteElo "2327"]
[BlackElo "2504"]
[TimeControl "180+2"]
[EndTime "13:54:49 PST"]
[Termination "Bad4life won by resignation"]

1. e4 c6 2. Nc3 d5 3. Qe2 d4 4.
Nd1 c5 5. g3 h5 6. f4 a6 7. Nf3 Nc6 8. Bg2 d3 9. cxd3 Bg4 10.
Ne3 Nb4 11. Bf1 Bxf3 12. Qxf3 Nxd3+ 13. Kd1 Nxc1 14. Rxc1 e6 15. e5 Qd7 16. Nc4 Rd8 17. Rc2 b5 18. Na5 Ne7 19. Nb7 Nd5 20. Nxd8 Qxd8 21. a3 h4 22. Bg2 g5 23. Kc1 h3 24.
Bf1 gxf4 25. gxf4 Bh6 26. f5 c4 27. fxe6 fxe6 28. Bxh3 Qh4 29. Bxe6 Nf4 30. Qa8+ Ke7 31. Qxh8 Nxe6 32. Qf6+ Qxf6 33. exf6+ Kxf6 34. Rc3 Nd4 35. Rf1+ Ke5 36. Re1+ Kd5 37. Rh3 Bf4 38. Rh4 Nb3+ 39. Kc2 Bxd2 40. Rd1 c3 41. Kxb3 Kc5 42. bxc3 Be1 1-0

[Event "*** Titled Tuesday Blitz"]
[Site "Chess.com"]
[Date "2020.01.07"]
[Round "4"]
[White "newauto"]
[Black "ahachess"]
[Result "0-1"]
[WhiteElo "2021"]
[BlackElo "2259"]
[TimeControl "180+2"]
[EndTime "13:54:51 PST"]
[Termination "ahachess won on time"]

1. e4 c5 2. f4 g6 3. Nf3 Bg7 4. Bc4 e6 5. Nc3 Ne7 6. e5 O-O 7. Ne4 b6 8. d4 Bb7 9. Nd6 Bd5 10.
Bxd5 exd5 11. O-O Nbc6 12. c3 c4 13. b3 cxb3 14. axb3 a6 15. Ba3 Qc7 16. Qd2 Nc8 17. Nxc8 Rfxc8 18. Bd6 Qd8 19. b4 Ne7 20. Qd3 Nf5 21.
Rxa6 Rxa6 22. Qxa6 Rxc3 23. Qa2 Qc8 24. Qxd5 Ne3 25. Qa2 Rc2 26. Qb3 Nxf1 27. Kxf1 Qa6+ 28. b5 Qa1+ 29. Ne1 Rc1 30. Qb4 Rb1 31. Qd2 Qa4 32.
f5 Qxb5+ 33. Kg1 Bh6 34. Qc3 Rc1 35. Qg3 Qe2 36. Bb4 Be3+ 0-1

[Event "*** Titled Tuesday Blitz"]
[Site "Chess.com"]
[Date "2020.01.07"]
[Round "4"]
[White "dragos420"]
[Black "crazy_machine"]
[Result "0-1"]
[WhiteElo "2432"]
[BlackElo "2649"]
[TimeControl "180+2"]
[EndTime "13:54:53 PST"]
[Termination "crazy_machine won by resignation"]

1. e4 c6 2. d4 d5 3. exd5 cxd5 4. Bd3 Nc6 5. c3 Qc7 6. Ne2 Bg4 7. h3 Bh5 8. O-O e6 9. Qc2 Bd6 10. f4 Nge7 11.
g4 Bg6 12. f5 exf5 13. gxf5 Bh5 14. Nf4 g6 15. f6 Nc8 16. Nxd5 Qd7 17. Re1+ Kd8 18.
Qg2 Re8 19. Rxe8+ Qxe8 20. Nd2 Qe1+ 21. Nf1 Nb6 22. Bf4 Qxa1 23. Bxd6 Qd1 24. Be7+ Kc8 25.
Nxb6+ axb6 26. Be4 Be2 27. Bxc6 Bxf1 28. Bd7+ Kc7 29.
Qxf1 Qxf1+ 30. Kxf1 Kxd7 31. a3 Ra5 32. Kg2 Rf5 33. Kg3 Rf1 34. c4 Rc1 35. c5 bxc5 36. dxc5 Ke6 37. Kg4 h6 38. b4 Rc4+ 39. Kf3 Rc3+ 40.
Ke4 Rxa3 41. b5 Ra4+ 42. Kd3 Kd5 43. Bf8 h5 44. c6 bxc6 45. b6 c5 0-1

[Event "*** Titled Tuesday Blitz"]
[Site "Chess.com"]
[Date "2020.01.07"]
[Round "4"]
[White "AlexandraBotez"]
[Black "VFernandezB"]
[Result "1-0"]
[WhiteElo "2119"]
[BlackElo "2254"]
[TimeControl "180+2"]
[EndTime "13:54:54 PST"]
[Termination "AlexandraBotez won by resignation"]

1. d4 Nf6 2. Bf4 g6 3. Nf3 Bg7 4. e3 d6 5. Nc3 O-O 6. Be2 c5 7. dxc5 dxc5 8. Qxd8 Rxd8 9. O-O Nc6 10. h3 Bf5 11.
Rac1 Nb4 12. a3 Nbd5 13. Be5 Nxc3 14. Bxc3 Ne4 15. Bxg7 Kxg7 16. g4 Be6 17. Rfd1 h6 18. Kg2 f5 19. Ne5 Kf6 20. f4 fxg4 21. hxg4 g5 22. Kf3 Nd6 23. Rh1 Kg7 24. c4 Rf8 25. f5 b5 26. e4 bxc4 27. Bxc4 Bxc4 28.
Nxc4 Rab8 29. Nxd6 exd6 30. Rc2 Rb3+ 31. Kg2 Re8 32. Re1 Rd3 33. Rce2 Re5 34. b4 c4 35. Rc1 c3 36. Rcc2 Kf6 37. Kf2 a5 38. Re3 Rd4 39. bxa5 Rxa5 40. Rcxc3 Ke5 41. Rc8 Kf4 42.
f6 Ra7 43. f7 Rd2+ 44. Ke1 Kxe3 45. f8=Q Rb7 46. Rc1 Rbb2 47. Rc3+ Kxe4 48. Qf5+ Kd4 49. Rc1 Re2+ 50. Kf1 Rbd2 51. Qf6+ Ke3 52. Rc3+ Ke4 53.
Qf5+ Kd4 54. Rc1 Re4 55. Qf6+ Kd5 56. Qf7+ Kd4 57. Qc4+ Ke3 58. Qc3+ Kf4 59. Qxd2+ Re3 60.
Re1 Kxg4 61. Qxe3 h5 62. Qe2+ Kg3 63. Qe4 g4 64. Re3+ Kh4 65. Qh1+ Kg5 66. Rd3 Kf4 67. Rxd6 g3 68. Qxh5 Ke3 69. Qg4 g2+ 70. Qxg2 Kf4 71. Rf6+ 1-0

[Event "*** Titled Tuesday Blitz"]
[Site "Chess.com"]
[Date "2020.01.07"]
[Round "4"]
[White "oskariot"]
[Black "VeraNebolsina"]
[Result "1-0"]
[WhiteElo "2606"]
[BlackElo "2351"]
[TimeControl "180+2"]
[EndTime "13:54:57 PST"]
[Termination "oskariot won by resignation"]

1. c4 Nf6 2. g3 g6 3. Nc3 Bg7 4. Bg2 d6 5. e4 O-O 6. Nge2 e5 7. O-O c5 8. d3 Nc6 9. f4 exf4 10. gxf4 Bg4 11. h3 Bd7 12. Be3 Nh5 13. Qd2 f5 14.
Nd5 Ne7 15. Nec3 Re8 16. Qf2 Nf6 17. Nxe7+ Qxe7 18. e5 dxe5 19. Bxc5 Qf7 20. fxe5 Rxe5 21. Bxb7 Rb8 22. Bd6 Rxb7 23. Bxe5 Ng4 24. hxg4 Bxe5 25. Rae1 Qf6 26. Nd5 Qd6 27. Rxe5 Qxe5 28. Re1 Qd6 29. g5 Be6 30. Nf6+ Kf7 31. Qe3 f4 32. c5 Qc6 33.
Qe4 Qxc5+ 34. d4 Qb4 35. Qxe6+ 1-0

[Event "*** Titled Tuesday Blitz"]
[Site "Chess.com"]
[Date "2020.01.07"]
[Round "4"]
[White "Bykov_Egor"]
[Black "Hadza_3"]
[Result "0-1"]
[WhiteElo "2608"]
[BlackElo "2400"]
[TimeControl "180+2"]
[EndTime "13:54:59 PST"]
[Termination "Hadza_3 won by resignation"]

1. Nf3 Nf6 2. b3 g6 3. Bb2 Bg7 4. g3 O-O 5. Bg2 d6 6. O-O c6 7.
d4 Qa5 8. Re1 Qh5 9. e4 Bg4 10.
e5 Nfd7 11. exd6 exd6 12. Nbd2 d5 13. c3 Nf6 14. Re5 Bxf3 15. Nxf3 Qg4 16. Ba3 Re8 17. Qd3 Na6 18. h3 Qd7 19. Rae1 Nc7 20. Re7 Rxe7 21.
Rxe7 Qd8 22. Ng5 Nb5 23. Nxf7 Qf8 24. Qe3 Nxa3 25. Qe6 Nb5 26. Nh6+ Kh8 27. Nf7+ Kg8 28. Ne5+ Kh8 29. g4 Nxc3 30. g5 Nfe4 31. Nf7+ Kg8 32.
f3 Ne2+ 33. Kf1 Nf4 34. fxe4 Nxe6 0-1

[Event "*** Titled Tuesday Blitz"]
[Site "Chess.com"]
[Date "2020.01.07"]
[Round "4"]
[White "Lukianoo"]
[Black "SirMittensofMittensville"]
[Result "1-0"]
[WhiteElo "2806"]
[BlackElo "2554"]
[TimeControl "180+2"]
[EndTime "13:55:01 PST"]
[Termination "Lukianoo won by resignation"]

1. e4 e5 2. Nc3 Nf6 3. f4 d5 4.
fxe5 Nxe4 5. Nf3 Nc6 6. Bb5 Bg4 7. O-O Be7 8. d4 O-O 9. Qd3 Nb4 10. Qe2 a6 11.
Bd3 Nxd3 12. cxd3 Ng5 13. Bxg5 Bxg5 14. Qf2 Bh6 15. Rae1 Qd7 16. Qg3 Be6 17. Ng5 b6 18. Ne2 Qe7 19. h4 Qb4 20. Kh1 Rae8 21. b3 c6 22. Nf4 Qe7 23. Nh5 Kh8 24. Rf4 c5 25. Ref1 cxd4 26. Rxd4 Rc8 27. Rdf4 Rce8 28. d4 a5 29. a4 Bxg5 30. hxg5 Rc8 31. Rh4 Rc2 32.
Qh2 Qxg5 33. Nf4 h6 34. Nxe6 fxe6 35. Rxf8+ Kh7 36. Rf1 Rxg2 37. Rxh6+ gxh6 38. Qxg2 Qh4+ 39. Qh2 Qe4+ 40. Qg2 Qh4+ 41. Kg1 Qxd4+ 42. Kh2 Qxe5+ 43.
Qg3 Qe2+ 44. Kg1 1-0

[Event "*** Titled Tuesday Blitz"]
[Site "Chess.com"]
[Date "2020.01.07"]
[Round "4"]
[White "marcodobrikov"]
[Black "Zavgorodniy_Serg"]
[Result "0-1"]
[WhiteElo "2348"]
[BlackElo "2601"]
[TimeControl "180+2"]
[EndTime "13:55:02 PST"]
[Termination "Zavgorodniy_Serg won on time"]

1. e4 c5 2. Nf3 d6 3. d4 cxd4 4. Nxd4 Nf6 5. Nc3 g6 6. Be3 Bg7 7. f3 a6 8. Qd2 Nbd7 9. O-O-O h5 10. Kb1 b5 11. a3 Bb7 12. g3 Rc8 13. h3 Qc7 14. g4 hxg4 15. fxg4 Nxe4 16. Nxe4 Bxe4 17. Bg2 Bxg2 18. Qxg2 Ne5 19. Rhf1 Nc4 20. Bc1 e5 21. Ne2 Qc6 22. Qf2 Rc7 23. h4 d5 24. Ng3 b4 25.
axb4 Rb7 26. c3 a5 27. bxa5 e4 28. Ne2 O-O 29. Nd4 Qa4 30. b4 Rfb8 31. Bb2 Bf8 32.
h5 Nxb2 33. hxg6 Qxd1+ 34. Rxd1 Nxd1 35. gxf7+ Rxf7 36. Qe1 Nxc3+ 37. Qxc3 Bxb4 38. Qc6 Bxa5+ 39. Kc2 Rc7 0-1

[Event "*** Titled Tuesday Blitz"]
[Site "Chess.com"]
[Date "2020.01.07"]
[Round "4"]
[White "Caisachess"]
[Black "Zubrrr"]
[Result "0-1"]
[WhiteElo "2363"]
[BlackElo "2737"]
[TimeControl "180+2"]
[EndTime "13:55:03 PST"]
[Termination "Zubrrr won by resignation"]

1. e4 c5 2. c3 d6 3. d4 Nf6 4.
Bd3 g6 5. Nf3 Bg7 6. O-O O-O 7.
h3 b6 8. Re1 Bb7 9. Nbd2 Qc7 10. Nf1 Nbd7 11. Bg5 h6 12. Bd2 Rac8 13. Ng3 e5 14. d5 c4 15. Bc2 b5 16. Nh2 Qd8 17.
Qc1 Kh7 18. Rf1 Qe7 19. Be3 a6 20. Qd2 Nc5 21. Rae1 Nfd7 22. Ng4 Qh4 23. Nh2 a5 24. Nf3 Qe7 25. h4 Ba6 26. h5 Rb8 27. Rb1 Nf6 28.
hxg6+ fxg6 29. Rfe1 Rfc8 30. Nh2 b4 31. Qe2 Nd3 32.
Red1 Nc5 33. Nhf1 b3 34. Rbc1 bxc2 35. Rxc2 Nd3 36. Rdd2 a4 37. f4 exf4 38. Bxf4 Nxf4 39. Qf3 Nd3 40. Ne3 Rf8 41. Qe2 Nxe4 0-1

[Event "*** Titled Tuesday Blitz"]
[Site "Chess.com"]
[Date "2020.01.07"]
[Round "4"]
[White "elpepinillo14"]
[Black "FearNoEvil12"]
[Result "0-1"]
[WhiteElo "2608"]
[BlackElo "2047"]
[TimeControl "180+2"]
[EndTime "13:55:03 PST"]
[Termination "FearNoEvil12 won by resignation"]

1. e4 a6 2. Bc4 e6 3. Qf3 b5 4.
e5 Nc6 5. Bb3 Bb7 6. Qg3 Nge7 7.
f4 Nf5 8. Qf2 Ncd4 9. d3 Bc5 10.
Qd2 Qh4+ 11. Kd1 Ng3 12. hxg3 Qxh1 13. Qe1 Nxb3 14. axb3 Qxg1 15. Nc3 Qxe1+ 16. Kxe1 Bxg2 17. Bd2 Bb7 18. Ne2 Ke7 19. d4 Bb6 20. c4 d6 21.
Bb4 a5 22. Bc3 b4 23. Bd2 Bf3 24. Ng1 Be4 25. Be3 dxe5 26. fxe5 Rhd8 27. c5 Ba7 28.
Rxa5 Bd5 29. Ne2 c6 30. Ra4 Rdb8 31. Nf4 Bxb3 32. Ra6 Bd5 33. Nh5 Kf8 34. Kd2 Rb7 35. Nf4 Rd8 36. Kc2 Bb8 37. Nxd5 Rxd5 38. Kb3 Bxe5 39.
Rxc6 Bxd4 40. Rc8+ Ke7 41. c6 Rb6 42. Bd2 Be5 43.
Be3 Bd4 44. Bd2 Rc5 45. Bxb4 e5 46. Ka4 Kd6 47. Bxc5+ Kxc5 48. Rg8 Rxc6 49. Rxg7 e4 50. b4+ Kc4 51. b5 Rc7 52. b6 Bxb6 0-1

[Event "*** Titled Tuesday Blitz"]
[Site "Chess.com"]
[Date "2020.01.07"]
[Round "4"]
[White "novocane"]
[Black "dawtonlms"]
[Result "0-1"]
[WhiteElo "2182"]
[BlackElo "2345"]
[TimeControl "180+2"]
[EndTime "13:55:04 PST"]
[Termination "dawtonlms won by resignation"]

1. d4 Nf6 2. c4 g6 3. Nc3 Bg7 4. e4 O-O 5. f3 d6 6. Bg5 c5 7. d5 Nbd7 8. Nh3 a6 9. Be2 h6 10.
Be3 Rb8 11. a4 Ne5 12. Nf2 e6 13. O-O exd5 14. cxd5 h5 15. h3 Qa5 16. Ra3 Re8 17.
f4 Ned7 18. f5 gxf5 19. Bxh5 fxe4 20. Bg4 Qb4 21. Rb3 Qa5 22. Bf5 b5 23. axb5 axb5 24. Ra3 Qc7 25. Ra1 Nf8 26. Bxc8 Qxc8 27. Bg5 N8h7 28.
Bxf6 Nxf6 29. Qe2 Qf5 30. Ng4 Qg5 31. Nxf6+ Bxf6 32. Nxe4 Bd4+ 33. Kh1 Qg6 34. Rae1 Re5 35. Qf3 Rbe8 36. Nxd6 Rxe1 37. Nxe8 Rxf1+ 38. Qxf1 Bxb2 39. Qxb5 Qb1+ 0-1

[Event "*** Titled Tuesday Blitz"]
[Site "Chess.com"]
[Date "2020.01.07"]
[Round "4"]
[White "PowerThinking2650"]
[Black "W_Amadeus"]
[Result "0-1"]
[WhiteElo "2361"]
[BlackElo "2677"]
[TimeControl "180+2"]
[EndTime "13:55:05 PST"]
[Termination "W_Amadeus won by resignation"]

1. e4 e5 2. Nf3 Nc6 3. Nc3 Nf6 4. d4 exd4 5. Nxd4 Bc5 6. Nxc6 bxc6 7. Bd3 O-O 8. O-O d5 9. exd5 cxd5 10. Bg5 c6 11.
Qf3 h6 12. Bxf6 Qxf6 13. Qxf6 gxf6 14. Ne2 Rb8 15. b3 Re8 16. Ng3 Re5 17. Kh1 Bb4 18.
f4 Re3 19. Nh5 Bc3 20. Rab1 Bg4 21. Ng3 Rbe8 22. a3 h5 23. Nf5 Rxd3 24. Nh6+ Kf8 25. cxd3 Bc8 26. g4 hxg4 27. Rg1 f5 28. h3 Kg7 29.
hxg4 Kxh6 30. gxf5 Bxf5 31. Rbc1 d4 32. Rc2 Re3 33.
Rh2+ Rh3 34. Rxh3+ Bxh3 35. Rg8 Bf5 36. Ra8 a5 37.
Rd8 Bxd3 38. b4 axb4 39. axb4 Be4+ 40. Kg1 d3 41. Kf2 Bxb4 42. Ke3 f5 43. Kd4 d2 44.
Ke5 Bc2 45. Kf6 Bc3+ 0-1

[Event "*** Titled Tuesday Blitz"]
[Site "Chess.com"]
[Date "2020.01.07"]
[Round "4"]
[White "Incognito_Knight"]
[Black "adriangschnitzer"]
[Result "1-0"]
[WhiteElo "2751"]
[BlackElo "2541"]
[TimeControl "180+2"]
[EndTime "13:55:08 PST"]
[Termination "Incognito_Knight won on time"]

1. e4 c6 2. d4 d5 3. exd5 cxd5 4. Bd3 Nc6 5. c3 g6 6. Nf3 Bg7 7. O-O Nf6 8. Bf4 O-O 9. Re1 Bf5 10. Bxf5 gxf5 11. Na3 e6 12. Ne5 Ne4 13. Nd3 Kh8 14.
f3 Nf6 15. Qd2 Rg8 16. Kh1 Nh5 17. Bg5 Bf6 18. Bxf6+ Qxf6 19. Qf2 Rg6 20. Nc2 Rag8 21. Ne3 Rh6 22. Kg1 Qg5 23. b4 Nf6 24. b5 Nd8 25.
Ne5 Qh5 26. Nf1 Rg7 27. a4 f4 28. a5 Qf5 29. a6 b6 30. Rac1 Rh5 31. c4 Rhg5 32.
Re2 Nh5 33. cxd5 exd5 34. Ng4 Rg8 35. Re5 Qd7 36. Qh4 Rxe5 37. Nxe5 Qf5 38. Rc7 f6 39.
Ng4 Ne6 40. Rxa7 Nxd4 41. Re7 1-0

[Event "*** Titled Tuesday Blitz"]
[Site "Chess.com"]
[Date "2020.01.07"]
[Round "4"]
[White "Chessmatus"]
[Black "Szczor"]
[Result "0-1"]
[WhiteElo "2344"]
[BlackElo "2590"]
[TimeControl "180+2"]
[EndTime "13:55:08 PST"]
[Termination "Szczor won by resignation"]

1. e4 c5 2. Nf3 d6 3. d4 cxd4 4. Nxd4 Nf6 5. Nc3 a6 6. g3 e5 7. Nb3 Be6 8. Bg2 Nbd7 9. a4 Rc8 10. O-O Be7 11. Re1 O-O 12. Nd2 Nb6 13. Nf1 a5 14.
Ne3 g6 15. Qd3 Nc4 16. Ned5 Nxd5 17. Nxd5 Bg5 18. Bxg5 Qxg5 19. b3 Bxd5 20. Qxd5 Nb6 21. Qxa5 Nd7 22. c4 Nc5 23. Qc3 Ne6 24. Rad1 Nd4 25.
h4 Qe7 26. Rxd4 exd4 27. Qxd4 Qe5 28. Rd1 Rfd8 29. f4 Qc5 30. Bf3 f6 31. Kg2 Qxd4 32.
Rxd4 Kf7 33. Kf2 Ke7 34. Ke3 h6 35. Rd5 Rc5 36. Rd1 Kd7 37. Kd4 Rc7 38. Bg4+ Ke7 39. b4 b6 40. Rh1 Ra8 41. Bd1 Rac8 42. Bb3 Ra8 43. h5 g5 44. fxg5 fxg5 45. Rf1 Rf8 46.
Rf5 Rxf5 47. exf5 Kf6 48. Kd5 Re7 49. Kxd6 Re3 50. Bc2 Rc3 51. Bd1 Rd3+ 52. Kc6 Rxd1 53. Kxb6 Rd3 54. a5 Rxg3 55. a6 g4 56. a7 Ra3 57. c5 g3 58. c6 g2 59. c7 g1=Q+ 0-1

[Event "*** Titled Tuesday Blitz"]
[Site "Chess.com"]
[Date "2020.01.07"]
[Round "4"]
[White "HouseOfDurin"]
[Black "otrov-11"]
[Result "0-1"]
[WhiteElo "2122"]
[BlackElo "2431"]
[TimeControl "180+2"]
[EndTime "13:55:08 PST"]
[Termination "otrov-11 won by resignation"]

1. d4 Nf6 2. Bg5 d5 3. Bxf6 exf6 4. e3 f5 5. c4 dxc4 6. Bxc4 Be7 7.
Ne2 O-O 8. O-O Nd7 9. g3 Nf6 10. Nbc3 a6 11. a4 Ne4 12. Rc1 Nd6 13. Bd5 c6 14. Bg2 Rb8 15. Nf4 Bf6 16. b4 Re8 17. Qd3 g6 18. Rfd1 Ne4 19. Nxe4 fxe4 20. Bxe4 Qe7 21.
Bg2 Qxb4 22. Rc4 Qe7 23. d5 Rd8 24. e4 Be5 25. Qf3 h5 26. h3 c5 27. Nd3 Bd4 28. Rdc1 b5 29. R4c2 c4 30. Nf4 Bd7 31. Qd1 Be5 32.
Qd2 Rdc8 33. Ne2 h4 34. f4 Bc7 35. g4 Bb6+ 36. Kh2 Qa3 37. axb5 axb5 38. e5 Be3 39.
Qc3 Qxc3 40. Rxc3 Bxc1 41. Rxc1 b4 42. Nd4 b3 43. e6 fxe6 44. dxe6 Be8 45. f5 b2 46. Rb1 c3 47. f6 c2 48. Nxc2 Rxc2 49.
f7+ Bxf7 50. exf7+ Kxf7 51. Rf1+ Kg7 0-1

[Event "*** Titled Tuesday Blitz"]
[Site "Chess.com"]
[Date "2020.01.07"]
[Round "4"]
[White "garfield_pg"]
[Black "Teidi96"]
[Result "0-1"]
[WhiteElo "2325"]
[BlackElo "2171"]
[TimeControl "180+2"]
[EndTime "13:55:11 PST"]
[Termination "Teidi96 won on time"]

1. e4 c5 2. Nf3 e6 3. c3 Nf6 4. e5 Nd5 5. g3 d6 6. exd6 Bxd6 7. Bg2 Nc6 8. O-O O-O 9. d4 cxd4 10. Nxd4 Nxd4 11. Qxd4 Nf6 12. Rd1 Be7 13. Be3 Qxd4 14. Bxd4 Rd8 15. Nd2 Bd7 16. Bxb7 Rab8 17. Bf3 Rxb2 18.
Bxa7 Ba4 19. Nb3 Bxb3 20. Rxd8+ Bxd8 21. axb3 Rxb3 22. Bd4 Rb8 23. Ra7 h6 24. h4 Bb6 25.
Bxb6 Rxb6 26. Ra8+ Kh7 27. c4 Rb1+ 28. Kg2 Rc1 29. Rc8 Nd7 30. Rc7 Ne5 31. c5 Kg6 32.
c6 Kf6 33. Be4 Rc4 34. Bf3 g5 35. hxg5+ hxg5 36. Rc8 g4 37. Be2 Rc2 38. Bb5 Nf3 39. Rg8 Ne5 40. Rc8 Rc5 41. Ba4 Rc1 42. Rg8 Kf5 43.
Rc8 Nf3 0-1

[Event "*** Titled Tuesday Blitz"]
[Site "Chess.com"]
[Date "2020.01.07"]
[Round "4"]
[White "TheBigBadChessDad"]
[Black "BjarkeSahl"]
[Result "0-1"]
[WhiteElo "2290"]
[BlackElo "2154"]
[TimeControl "180+2"]
[EndTime "13:55:11 PST"]
[Termination "BjarkeSahl won on time"]

1. d4 f5 2. Bg5 c5 3. d5 Qb6 4. b3 h6 5. Bc1 Qf6 6. c3 g5 7. Bb2 Bg7 8. Nd2 Qf7 9. Nc4 b5 10. Na5 Nf6 11. c4 Ne4 12. Bxg7 Qxg7 13. Rc1 b4 14. e3 Qe5 15. Nf3 Qc7 16. Bd3 Qxa5 17.
Bxe4 fxe4 18. Nd2 d6 19. Nxe4 Qd8 20. Qh5+ Kd7 21. h4 gxh4 22. Rxh4 Kc7 23. Rf4 Bd7 24. Kd2 a5 25. Ng3 a4 26. Rc2 axb3 27. axb3 Ra3 28. Rb2 Qg8 29. Rf7 Kd8 30. Qf3 h5 31. Ne4 Be8 32.
Rxe7 Kxe7 33. Qf6+ Kd7 34. Qxd6+ Kc8 35. Qxc5+ Kd8 36. Qd6+ Kc8 37. Nf6 Qg7 38. e4 Qg5+ 0-1

[Event "*** Titled Tuesday Blitz"]
[Site "Chess.com"]
[Date "2020.01.07"]
[Round "4"]
[White "platy3"]
[Black "attack2mateU"]
[Result "1-0"]
[WhiteElo "2904"]
[BlackElo "2683"]
[TimeControl "180+2"]
[EndTime "13:55:12 PST"]
[Termination "platy3 won by resignation"]

1. e4 c5 2. Nf3 d6 3. d4 cxd4 4. Nxd4 Nf6 5. Nc3 a6 6. a4 Nc6 7. a5 e6 8. Nxc6 bxc6 9. Bd3 d5 10. O-O Be7 11. Qe2 O-O 12. Bd2 Nd7 13. Na4 Bf6 14. f4 g6 15. c4 dxc4 16. Bxc4 c5 17. e5 Be7 18. Nc3 Bb7 19. Rfd1 Nb8 20. Ne4 Qd4+ 21. Nf2 Bd5 22. b3 Bxc4 23. bxc4 Qd7 24. Be3 Qc6 25.
Qd3 Rd8 26. Qxd8+ Bxd8 27. Rxd8+ Kg7 28. Rad1 h5 29. f5 exf5 30. Bg5 Nd7 31. R8xd7 Re8 32. Bf6+ Kh6 33. Rxf7 g5 34. h4 gxh4 35. Rdd7 f4 36. Bxh4 Kg6 37. Rf6+ Qxf6 38. Bxf6 Kf5 39. Rd6 Rg8 40. Kf1 Rb8 41. Rb6 Ra8 42. Nd3 Ke4 43. Nxc5+ Ke3 44. Rb3+ Kd4 45. Nd7 Kxc4 46. Rb8 Ra7 47.
e6 1-0

[Event "*** Titled Tuesday Blitz"]
[Site "Chess.com"]
[Date "2020.01.07"]
[Round "4"]
[White "ketster"]
[Black "ChEsper99"]
[Result "1-0"]
[WhiteElo "2305"]
[BlackElo "1996"]
[TimeControl "180+2"]
[EndTime "13:55:12 PST"]
[Termination "ketster won by resignation"]

1. d4 Nf6 2. c4 g6 3. Nc3 Bg7 4. e4 d6 5. Nf3 O-O 6. h3 e5 7. d5 a5 8. Be3 Na6 9. g4 Ne8 10. Rg1 Kh8 11. Nd2 f5 12. gxf5 gxf5 13. Bg5 Nf6 14. Qc2 f4 15. f3 Qe8 16. O-O-O Nh5 17. Bh4 Bf6 18. Bxf6+ Rxf6 19. Nb5 Bd7 20. Kb1 Ng3 21. Nb3 Nxf1 22. Rdxf1 Bxb5 23. cxb5 Qxb5 24. Rc1 a4 25. Nd2 a3 26. b3 Rg8 27.
Nc4 Qc5 28. Rg4 Rxg4 29. hxg4 Rh6 30. Qd2 Rh3 31. Nxe5 Qb5 32. Nf7+ Kg7 33. Ng5 Rg3 34. Qd4+ Kg6 35. Ne6 Qd7 36. Nf8+ 1-0

[Event "*** Titled Tuesday Blitz"]
[Site "Chess.com"]
[Date "2020.01.07"]
[Round "4"]
[White "Saitama_Hero"]
[Black "Babbelbox"]
[Result "0-1"]
[WhiteElo "2295"]
[BlackElo "2511"]
[TimeControl "180+2"]
[EndTime "13:55:13 PST"]
[Termination "Babbelbox won by resignation"]

1. d4 Nf6 2. c4 c5 3. d5 b5 4. cxb5 a6 5. b6 Qxb6 6. Nc3 d6 7. Nf3 g6 8. Nd2 Bg7 9. e4 Nbd7 10. Be2 O-O 11.
Nc4 Qc7 12. Bf4 Nb6 13. Ne3 Rb8 14. O-O Nfd7 15. Bg5 Re8 16. Qd2 Bd4 17. Kh1 Nf6 18. f3 Bd7 19. Nc2 Bxc3 20. bxc3 Bb5 21. Ne3 Bxe2 22.
Qxe2 Na4 23. Bxf6 exf6 24. Ng4 Qe7 25. Qc4 Nb2 26. Qxa6 c4 27. Rab1 h5 28. Ne3 Qc7 29. Qc6 Qe7 30. Nxc4 Rbc8 31. Qxd6 Nxc4 32. Qxe7 Rxe7 33.
Rfc1 Ra7 34. Rd1 Rxa2 35. d6 Rd8 36. Rb4 Nxd6 37. Rbd4 Kf8 38. c4 Ke7 39. c5 Nb7 40.
Rxd8 Nxd8 41. Rc1 Nc6 42. h3 Ra5 0-1

[Event "*** Titled Tuesday Blitz"]
[Site "Chess.com"]
[Date "2020.01.07"]
[Round "4"]
[White "ExploringChess"]
[Black "David_Paravyan"]
[Result "1-0"]
[WhiteElo "2589"]
[BlackElo "2849"]
[TimeControl "180+2"]
[EndTime "13:55:17 PST"]
[Termination "ExploringChess won on time"]

1. e4 c5 2. Nf3 d6 3. d4 cxd4 4. Nxd4 Nf6 5. Nc3 a6 6. Bg5 Nbd7 7. Qe2 Qa5 8. Bd2 Qb6 9. Nb3 e6 10. O-O-O Be7 11. g4 h6 12. f4 Qc7 13. h4 b5 14. Bg2 Bb7 15. g5 Nh7 16. a3 Nc5 17.
Nxc5 dxc5 18. e5 O-O-O 19. Ne4 f5 20. gxf6 gxf6 21. exf6 Bxf6 22. Nxf6 Nxf6 23. Qxe6+ Nd7 24. Bxb7+ Kxb7 25. Bc3 Rhe8 26. Qxh6 a5 27. Qg5 b4 28. Be5 Qc6 29. h5 c4 30. Bd4 Ka6 31. h6 bxa3 32. bxa3 Rb8 33. h7 c3 34. Rh6 Re6 35. Rxe6 Qxe6 36.
Rh1 Qe2 37. Qg6+ Nb6 38. h8=Q Rxh8 39. Bxh8 Qf3 40. Qd3+ Qxd3 41. cxd3 1-0

[Event "*** Titled Tuesday Blitz"]
[Site "Chess.com"]
[Date "2020.01.07"]
[Round "4"]
[White "vova-79"]
[Black "BobanBogosavljevic"]
[Result "0-1"]
[WhiteElo "2538"]
[BlackElo "2743"]
[TimeControl "180+2"]
[EndTime "13:55:19 PST"]
[Termination "BobanBogosavljevic won on time"]

1. d4 d5 2. c4 c6 3. Nc3 Nf6 4. cxd5 cxd5 5. f3 g6 6. e4 dxe4 7. fxe4 Bg7 8. Bb5+ Bd7 9. e5 Nd5 10. e6 fxe6 11. Bxd7+ Qxd7 12. Nf3 Nc6 13. O-O O-O 14. Ne4 b6 15. Re1 Rxf3 16. gxf3 Nxd4 17. Be3 Nxe3 18. Rxe3 Rf8 19. Kg2 Qb5 20. Rb1 Qd5 21.
b3 Nf5 22. Rd3 Nh4+ 23. Kg3 Qh5 24. f4 Qf5 25. Kxh4 Qxe4 26. Rf3 Be5 27. Kh3 Bxf4 28. Qd3 Qe5 29. Rh1 Qh5+ 30. Kg2 Qg4+ 31. Kf1 e5 32. h3 Qc8 33. Qc4+ Qxc4+ 34. bxc4 e4 35. Rf2 e3 36. Rf3 e5 37. Ke2 Rc8 38. Rc1 Rc5 39.
Rc2 Kg7 40. Rf1 Kf6 41. Kd3 Kf5 42. Re2 Ra5 0-1

[Event "*** Titled Tuesday Blitz"]
[Site "Chess.com"]
[Date "2020.01.07"]
[Round "4"]
[White "josiwales"]
[Black "BasilSmash"]
[Result "0-1"]
[WhiteElo "2629"]
[BlackElo "2436"]
[TimeControl "180+2"]
[EndTime "13:55:20 PST"]
[Termination "BasilSmash won by resignation"]

1. e4 c6 2. d4 d5 3. e5 Bf5 4.
h4 h5 5. Bd3 Bxd3 6. Qxd3 Qa5+ 7.
c3 Qa6 8. Qxa6 Nxa6 9. e6 fxe6 10. Bf4 c5 11. Nf3 Nh6 12. Na3 Nf5 13. Nb5 g6 14.
dxc5 Bg7 15. Nfd4 e5 16. Nxf5 gxf5 17. Bg5 Kf7 18. O-O-O Rhd8 19. b4 Bf6 20. a3 e6 21.
Nd6+ Rxd6 22. cxd6 Rd8 23. c4 Rxd6 24. c5 Rd8 25.
Kc2 Nc7 26. a4 a6 27. Rhe1 d4 28. Kb3 Nd5 29. Rxe5 Rc8 30. Bxf6 Kxf6 31. Ree1 e5 32. Rd3 a5 33. Rc1 Nxb4 34. Rd2 Ke6 35. Kc4 Na6 36. Kb5 Kd5 37. Kxa5 Rxc5+ 38. Rxc5+ Nxc5 39. Kb4 e4 40. a5 f4 41. Rc2 Nd3+ 42. Kb5 e3 43. fxe3 fxe3 44. Kb6 Nb4 45. Re2 Ke4 46. Kxb7 d3 47. Rb2 Na6 48. Kxa6 d2 49. Kb7 d1=Q 50. Rb4+ Kf5 51. a6 Qd7+ 52. Kb6 Qd6+ 53. Ka5 Qc7+ 54. Ka4 e2 55. Rb1 Qc2+ 0-1

[Event "*** Titled Tuesday Blitz"]
[Site "Chess.com"]
[Date "2020.01.07"]
[Round "4"]
[White "snowlord"]
[Black "Chesscoach_Golichenko"]
[Result "1-0"]
[WhiteElo "2772"]
[BlackElo "2547"]
[TimeControl "180+2"]
[EndTime "13:55:23 PST"]
[Termination "snowlord won by resignation"]

1. e4 c5 2. Nf3 d6 3. Nc3 e5 4. Bc4 Be6 5. Bxe6 fxe6 6. d3 Be7 7. Ng5 Bxg5 8. Qh5+ g6 9. Qxg5 Qxg5 10. Bxg5 h6 11.
Be3 Nc6 12. h4 Nf6 13. f3 O-O-O 14. a3 b6 15. Nd1 Nh5 16. Nf2 Nf4 17. Rh2 g5 18. h5 Nd4 19. Bxd4 exd4 20. g3 Nxd3+ 21. cxd3 Rdf8 22. Ke2 Rf7 23. Ng4 e5 24. Rf2 Kd7 25.
Raf1 Ke6 26. f4 gxf4 27. gxf4 Rg7 28. Rg2 exf4 29. Rxf4 Rhg8 30. Kf3 Ke7 31. Rf5 b5 32.
Rf4 Rg5 33. Rh2 c4 34. dxc4 bxc4 35. Nxh6 Rf8 36. Rxf8 Kxf8 37. Nf5 d5 38. Kf4 Rg1 39.
exd5 d3 40. h6 Rf1+ 41. Kg5 Kg8 42. d6 c3 43. d7 1-0